 Dungeon Crawl Stone Soup version 0.17-a0-1403-g9df874c (webtiles) character file.

329 bal the Sneak (level 6, 0/30 HPs)
             Began as a Vine Stalker Assassin on June 20, 2015.
             Was an Initiate of Nemelex Xobeh.
             Slain by an ice beast (11 damage)
             ... on level 5 of the Dungeon.
             The game lasted 00:09:42 (2825 turns).

bal the Sneak (Vine Stalker Assassin)               Turns: 2825, Time: 00:09:42

Health: 0/30       AC:  4    Str: 15    XL:     6   Next: 50%
Magic:  0/7        EV: 13    Int: 11    God:    Nemelex Xobeh [......]
Gold:   230        SH:  2    Dex: 16    Spells: 0 memorised, 5 levels left

rFire  . . .     SeeInvis .     a - +2 dagger
rCold  . . .     Clarity  .     c - +0 robe
rNeg   . . .     SustAt   .     (no shield)
rPois  .         Gourm    .     (no helmet)
rElec  .         Spirit   +     d - +0 cloak
rCorr  .         Warding  .     (no gloves)
rMut   .         Stasis   .     (no boots)
MR     .....                    (no amulet)
Stlth  ++++......               (no ring)
                                (no ring)

@: not resistant to hostile enchantments, stealthy
A: fangs 2, large bone plates 1, deformed body, sense surroundings 1,
regeneration 2, screaming 1, magic shield, antimagic bite, no device heal 3, rot
immunity
a: Renounce Religion


You were on level 5 of the Dungeon.
You worshipped Nemelex Xobeh.
Nemelex Xobeh was noncommittal.
You were not hungry.

You visited 2 branches of the dungeon, and saw 6 of its levels.

You collected 230 gold pieces.

Inventory:

Hand weapons
 a - a +2 dagger (weapon)
 b - a +1 blowgun
 n - a +1 whip of electrocution
Missiles
 e - 31 poisoned needles
 m - 3 tomahawks of returning (quivered)
 p - 38 sling bullets
 s - 18 steel sling bullets
 A - 2 curare-tipped needles
 B - 2 steel tomahawks
Armour
 c - a +0 robe (worn)
 d - a +0 cloak (worn)
Magical devices
 t - a wand of slowing (9)
Scrolls
 i - 5 scrolls of identify
 j - 4 scrolls of amnesia
 v - a scroll of fog {unknown}
 w - 2 scrolls of magic mapping {unknown}
 x - a scroll of recharging {unknown}
 y - a scroll of remove curse {unknown}
Potions
 h - a potion of brilliance {unknown}
 k - a potion of haste
 o - a potion of curing
 r - a potion of invisibility
 z - a potion of heal wounds {unknown}
Comestibles
 g - 5 bread rations
 l - a beef jerky
 q - 3 fruits
 u - 3 meat rations


   Skills:
 + Level 2.2 Fighting
 + Level 2.7 Short Blades
 + Level 2.2 Throwing
 + Level 2.4 Dodging
 + Level 7.7 Stealth


You had 5 spell levels left.
You didn't know any spells.

Dungeon Overview and Level Annotations

Branches:
Dungeon (5/15)             Temple (1/1) D:5

Altars:
Ashenzari
Cheibriados
Dithmenos
Elyvilon
Fedhas
Makhleb
Nemelex Xobeh
Okawaru
Qazlal
Ru
Trog
Vehumet
Yredelemnul
The Shining One

Annotations:
D:3 Fluffy's ghost, average DsGl


Innate Abilities, Weirdness & Mutations

You have extremely sharp teeth.
You heal very quickly.
When hurt, damage is shared between your health and your magic reserves.
Your bite disrupts and absorbs the magic of your enemies.
Potions and wands cannot restore your health.
You are immune to rotting.
You are partially covered in large bone plates (AC +2, SH +2).
Armour fits poorly on your strangely shaped body.
You passively map a small area around you.
You occasionally shout uncontrollably at your foes.


Message History

Evoke which item? (* to show all) (? for menu, Esc to quit)
Zapping:
t - a wand of slowing {zapped: 11} (will waste charges)
Press: ? - help, Shift-Dir - straight line, f/p - sky beast
Aim: a sky beast (heavily wounded, chance to defeat MR: 51%)
The sky beast seems to slow down.
Evoking this partially-identified wand wasted a few charges.
The sky beast hits you.
* * * LOW HITPOINT WARNING * * *
The sky beast shocks you.
* * * LOW HITPOINT WARNING * * *
There is a radiant altar of Vehumet here.
You enter the shallow water.
Moving in this stuff is going to be slow.
The sky beast flickers out of sight!
Deactivating autopickup; reactivate with Ctrl-A.
There is a staircase back to the Dungeon, spattered with blood here.
You climb upwards.
Welcome back to the Dungeon!
The ice beast hits you. The ice beast freezes you!
You die...
Your body disappears without a glow.

##..).##.....##
'............####
#...............##
#.............#..##
#...........###...#
#...........# #.⌠.#
##....##....###...####
##<...##.............#
.............⌠..@Y.⌠.#
.....................#
.
..........###...#######
# ,.... #.⌠.# #...## ,
... #...###....# , ..
*#..).##....# , ,
#....##....# , *
###........# , *8#*
#.......## *


You could see an ice beast.

Vanquished Creatures
  A scorpion (D:4)
  An iguana (D:5)
  A giant frog skeleton (D:4)
  2 orc wizards (D:5)
  A worker ant (D:4)
  A gnoll (D:1)
  5 adders
  A worm (D:4)
  11 orcs
  A bat skeleton (D:4)
  6 giant cockroaches
  5 goblins
  10 hobgoblins
  4 jackals
  12 kobolds
  8 bats
  A giant gecko (D:4)
  4 giant newts
  A quokka skeleton (D:4)
  5 rats
81 creatures vanquished.

Notes
Turn   | Place    | Note
--------------------------------------------------------------
     0 | D:1      | bal the Vine Stalker Assassin began the quest for the Orb.
     0 | D:1      | Reached XP level 1. HP: 11/11 MP: 2/2
    25 | D:1      | Reached skill level 5 in Stealth
    90 | D:1      | Reached XP level 2. HP: 2/15 MP: 1/3
   315 | D:1      | Reached XP level 3. HP: 18/18 MP: 4/4
   463 | D:1      | Reached skill level 6 in Stealth
  1276 | D:3      | Reached skill level 1 in Dodging
  1290 | D:3      | Gained mutation: You are partially covered in large bone plates (AC +2, SH +2). [potion of beneficial mutation]
  1291 | D:3      | Gained mutation: You passively map a small area around you. [potion of mutation]
  1291 | D:3      | Gained mutation: Armour fits poorly on your strangely shaped body. [potion of mutation]
  1291 | D:3      | Gained mutation: You occasionally shout uncontrollably at your foes. [potion of mutation]
  1314 | D:3      | Reached XP level 4. HP: 10/23 MP: 3/5
  1619 | D:3      | Noticed Fluffy's ghost (average DsGl)
  1755 | D:4      | Reached XP level 5. HP: 26/26 MP: 6/6
  1793 | D:4      | Reached skill level 7 in Stealth
  2151 | D:4      | Gained mutation: You heal very quickly. [Vine Stalker growth]
  2151 | D:4      | Reached XP level 6. HP: 30/30 MP: 7/7
  2305 | D:5      | Entered Level 5 of the Dungeon
  2319 | D:5      | Found an iron altar of Okawaru.
  2562 | D:5      | Found a staircase to the Ecumenical Temple.
  2572 | Temple   | Entered the Ecumenical Temple
  2640 | Temple   | Became a worshipper of Nemelex Xobeh the Trickster
  2674 | D:5      | Found a glowing golden altar of the Shining One.
  2825 | D:5      | Slain by an ice beast

Vault maps used:
D:1:      minmay_arrival_cross
D:3:      first_bread, hex_intersection
D:5:      nicolae_overflow_hidden_temple, minmay_temple_entry_junction,
          basic_altar, moated_statue, okawaru_trees_1
Temple:   eino_narrow_crystal_temple_a_12

Action                   |  1- 3 |  4- 6 || total
-------------------------+-------+-------++-------
Melee: Dagger            |   112 |   104 ||   216
 Fire: Blowgun           |     5 |    32 ||    37
Throw: Tomahawk          |       |     1 ||     1
Evoke: Wand              |       |     4 ||     4
  Use: Potion            |     5 |     1 ||     6
       Scroll            |     3 |       ||     3
 Stab: Sleeping          |    12 |     6 ||    18
       Invisible         |     1 |     3 ||     4
  Eat: Meat ration       |     1 |       ||     1
       Chunk             |       |     1 ||     1
